 Dungeon Crawl Stone Soup version 0.28.0-53-g5a82cb258f (webtiles) character file.

Game seed: 9899205500474264974

6883 Infinimo the Basher (level 11, -3/120 HPs)
             Began as an Ogre Gladiator on June 3, 2022.
             Was a High Priest of Okawaru.
             Slain by a two-headed ogre
             ... wielding a +0 giant spiked club
              (16 damage)
             ... on level 10 of the Dungeon.
             The game lasted 00:14:48 (13093 turns).

Infinimo the Basher (Ogre Gladiator)               Turns: 13093, Time: 00:14:49

Health: -3/120     AC: 13    Str: 22    XL:     11   Next: 6%
Magic:  0/11       EV: 12    Int:  9    God:    Okawaru [*****.]
Gold:   660        SH:  0    Dex: 10    Spells: 10/10 levels left

rFire   . . .      SeeInvis .   K - +11 hunting sling "Qure" {vorpal, rPois rC+ Str-2}
rCold   + . .      Faith    .   (no shield)
rNeg    . . .      Spirit   +   H - +1 robe {Will+}
rPois   +          Reflect  .   c - +1 hat
rElec   .          Harm     .   (no cloak)
rCorr   .          Rampage  .   (gloves unavailable)
Will    ++...                   (boots unavailable)
Stlth   +.........              L - amulet of guardian spirit
HPRegen 0.30/turn               n - +4 ring of protection
MPRegen 0.12/turn               v - +4 ring of protection

@: no status effects
A: large, unfitting armour, tough skin 1
a: Renounce Religion, Heroism, Finesse, Duel


You were on level 10 of the Dungeon.
You worshipped Okawaru.
Okawaru was extremely pleased with you.
You visited 2 branches of the dungeon, and saw 11 of its levels.
You also visited: Sewer.

You collected 660 gold pieces.

Inventory:

Hand Weapons
 f - a +1 flail of draining
 E - a +0 giant spiked club
 K - the +11 hunting sling "Qure" (weapon) {vorpal, rPois rC+ Str-2}
   (You found it on level 9 of the Dungeon)

   Any ammunition fired from it inflicts extra damage upon your enemies.
   Str:       It affects your strength (-2).
   rC:        It protects you from cold.
   rPois:     It protects you from poison.
Missiles
 j - 47 poisoned darts
 N - 17 sling bullets (quivered ammo)
Armour
 c - a +1 hat (worn)
 H - a +1 robe of willpower (worn)
Jewellery
 h - a ring of flight
 n - a +4 ring of protection (left hand)
 v - a +4 ring of protection (right hand)
 L - an amulet of guardian spirit (around neck)
 Q - a ring of see invisible
Wands
 k - a wand of flame (37)
 m - a wand of iceblast (22)
 y - a wand of digging (3)
 B - a wand of mindburst (9)
 M - a wand of paralysis (7)
Scrolls
 a - 2 scrolls of blinking
 b - a scroll of teleportation
 g - 4 scrolls of vulnerability
 i - 5 scrolls of fog
 u - a scroll of enchant armour
 F - a scroll of identify
 I - a scroll of fear
 P - a scroll of amnesia
Potions
 e - 5 potions of curing
 l - a potion of flight
 o - 8 potions of brilliance
 p - a potion of invisibility
 q - 2 potions of magic
 r - 4 potions of resistance
 s - 2 potions of might
 t - 2 potions of degeneration
 w - a potion of ambrosia
 x - 2 potions of heal wounds
 z - a potion of mutation
 C - 3 potions of cancellation
 D - a potion of lignification
 J - a potion of berserk rage


   Skills:
 + Level 11.1 Fighting
 * Level 11.2 Maces & Flails
 - Level 2.0 Throwing
 + Level 8.1 Dodging


You had 10 spell levels left.
You didn't know any spells.
Your spell library contained the following spells:

 Spells                   Type           Power      Damage    Failure   Level
 Blink                    Tloc           0%         N/A       52%         2
 Dazzling Flash           Conj/Hex       0%         N/A       77%         3
 Gell's Gravitas          Tloc           0%         N/A       77%         3
 Portal Projectile        Hex/Tloc       0%         N/A       77%         3
 Iskenderun's Mystic Bla  Conj/Tloc      0%         2d3       99%         4
 Alistair's Intoxication  Tmut/Pois      0%         N/A       100%        5
 Blade Hands              Tmut           0%         N/A       100%        5
 Borgnjor's Vile Clutch   Necr/Erth      0%         N/A       100%        5
 Excruciating Wounds      Necr           0%         N/A       100%        5
 Manifold Assault         Tloc           0%         N/A       100%        5
 Dispersal                Tloc           0%         N/A       100%        6
 Eringya's Noxious Bog    Tmut/Pois      0%         N/A       100%        6
 Starburst                Conj/Fire      0%         6d3       100%        6
 Orb of Destruction       Conj           0%         9d5       100%        7
 Storm Form               Tmut/Air       0%         N/A       100%        7
 Summon Small Mammal      Summ           Unusable   N/A       N/A         1
 Call Canine Familiar     Summ           Unusable   N/A       N/A         3
 Summon Guardian Golem    Hex/Summ       Unusable   N/A       N/A         3
 Spellforged Servitor     Conj/Summ      Unusable   N/A       N/A         7

Dungeon Overview and Level Annotations

Branches:
Dungeon (10/15)            Temple (1/1) D:5             Orc (0/2) D:10
  Sewer (visited)
   Lair: D:8-11

Altars:
Ashenzari
Cheibriados
Dithmenos
Elyvilon
Fedhas
Gozag
Hepliaklqana
Kikubaaqudgha
Makhleb
Nemelex Xobeh
Okawaru
Qazlal
Ru
Sif Muna
Trog
Uskayaw
Vehumet
Wu Jian
Xom
Yredelemnul
Zin
The Shining One


Innate Abilities, Weirdness & Mutations

You are too large for most types of armour.
You have tough skin. (AC +1)


Message History

Press: ? - help, Q - select action, (/) - cycle Shift-Dir - straight line, f/p - troll
Aim: a troll (almost dead, 72% to hit)
You shoot a sling bullet. The sling bullet hits the troll!
You kill the troll!
Okawaru accepts your kill.
Items here: ) [ ††.
Fire: 21 sling bullets
Press: ? - help, Q - select action, (/) - cycle Shift-Dir - straight line, f - two-headed ogre
Aim: a two-headed ogre, wielding a +0 giant spiked club and a +0 giant club (heavily wounded, 82% to hit)
You shoot a sling bullet.
The sling bullet hits the two-headed ogre.
The two-headed ogre is heavily wounded.
The two-headed ogre barely misses you. x2
Fire: 20 sling bullets
Press: ? - help, Q - select action, (/) - cycle Shift-Dir - straight line, f/p - two-headed ogre
Aim: a two-headed ogre, wielding a +0 giant spiked club and a +0 giant club (heavily wounded, 82% to hit)
You shoot a sling bullet.
The sling bullet hits the two-headed ogre!
The two-headed ogre is severely wounded.
The two-headed ogre hits you with a +0 giant spiked club!!
* * * LOW HITPOINT WARNING * * *
The two-headed ogre closely misses you.
Unknown command.
Fire: 19 sling bullets
Press: ? - help, Q - select action, (/) - cycle Shift-Dir - straight line, f/p - two-headed ogre
Aim: a two-headed ogre, wielding a +0 giant spiked club and a +0 giant club (severely wounded, 82% to hit)
You shoot a sling bullet.
The sling bullet hits the two-headed ogre!
The two-headed ogre is almost dead.
Unknown command.
Fire: 18 sling bullets
Press: ? - help, Q - select action, (/) - cycle Shift-Dir - straight line, f/p - two-headed ogre
Aim: a two-headed ogre, wielding a +0 giant spiked club and a +0 giant club (almost dead, 82% to hit)
You shoot a sling bullet.
The sling bullet hits the two-headed ogre.
The two-headed ogre is almost dead.
The two-headed ogre hits you with a +0 giant spiked club!!
* * * LOW HITPOINT WARNING * * *
The two-headed ogre hits you with a +0 giant club!
You die...

♣♣♣♣♣.♣♣♣♣♣
♣♣♣.........♣♣♣
...............
♣♣♣.......(.♣♣♣
♣♣♣♣♣.♣♣♣♣♣ ♣.♣ ###
####### ♣♣.♣♣
♣♣.♣♣#(....#
#♣...♣#♣..(♣#.♣♣♣.#
#.....#.#)#@#...T.#
#♣...♣#.#.#O#(##'##
♣♣.♣♣#.#.#u#(#O.#
##♣'♣##.#.#)#u#..#
#..>..#.#.#.#.#?##
+..8..'.#.#...#+
#..<..#.#.#.###
##♣+♣##.#.#.#
#.#.#.#


You could see a green ugly thing and a two-headed ogre.

Vanquished Creatures
  3 two-headed ogres
  Joseph (D:7)
  A troll (D:10)
  A hornet (D:9)
  A slime creature (D:10)
  Prince Ribbit (D:8)
  A shadow (D:8)
  2 water moccasins
  3 acid dragons
  Duvessa (D:5)
  3 orc warriors
  2 sky beasts (D:6)
  An ogre (D:5)
  2 centaurs
  3 necrophages
  A phantom (D:4)
  5 kobold brigands
  2 bullfrogs (D:6)
  3 scorpions
  2 gnoll sergeants
  Dowan (D:5)
  2 water moccasin skeletons
  3 wights (D:9)
  An oklob sapling (D:5)
  3 howler monkeys
  4 jellies
  3 centaur zombies
  2 hounds
  3 centaur skeletons
  4 orc priests
  An iguana (D:6)
  6 orc wizards
  A hound zombie (D:5)
  10 gnolls
  A river rat (Sewer)
  5 adders
  A shadow imp (D:7)
  2 white imps
  An ufetubus (D:5)
  6 worms
  3 dart slugs
  21 orcs
  3 ball pythons
  9 endoplasms
  5 giant cockroaches
  6 hobgoblins
  2 jackals (D:4)
  18 kobolds
  5 quokkas
  5 bats
  A frilled lizard (D:1)
  4 goblins
  7 rats
188 creatures vanquished.

Vanquished Creatures (others)
  A water moccasin skeleton (D:4)
  2 bushes (D:6)
  A fungus (D:3)
  A plant (D:5)
5 creatures vanquished.

Grand Total: 193 creatures vanquished

Notes
Turn   | Place    | Note
-------+----------+-------------------------------------------
     0 | D:1      | Infinimo the Ogre Gladiator began the quest for the Orb.
     0 | D:1      | Reached XP level 1. HP: 22/22 MP: 1/1
   191 | D:1      | Reached XP level 2. HP: 29/29 MP: 2/2
  1247 | D:2      | Reached XP level 3. HP: 37/37 MP: 3/3
  2538 | D:2      | Reached XP level 4. HP: 45/45 MP: 4/4
  2893 | D:3      | Noticed a water moccasin
  3013 | D:3      | Killed a water moccasin
  3014 | D:3      | Reached XP level 5. HP: 31/55 MP: 5/5
  3226 | D:3      | Got the Incunabulum of Translocation
  3238 | D:3      | Found a bloodstained altar of Trog.
  3362 | D:3      | Found a faded altar of an unknown god.
  3673 | D:4      | Found a glowing drain.
  3711 | Sewer    | Entered a sewer
  3773 | Sewer    | Reached XP level 6. HP: 63/63 MP: 6/6
  4068 | Sewer    | Reached skill level 5 in Fighting
  4068 | Sewer    | Reached skill level 5 in Maces & Flails
  4508 | D:4      | Reached XP level 7. HP: 48/72 MP: 7/7
  4931 | D:4      | Found a broken altar of Ashenzari.
  5036 | D:4      | Found a radiant altar of Vehumet.
  5294 | D:5      | Entered Level 5 of the Dungeon
  5399 | D:5      | Found a staircase to the Ecumenical Temple.
  5434 | Temple   | Entered the Ecumenical Temple
  5701 | Temple   | Became a worshipper of Warmaster Okawaru
  5796 | D:5      | Reached XP level 8. HP: 71/83 MP: 8/8
  5989 | D:5      | Reached skill level 5 in Dodging
  6013 | D:5      | Noticed Duvessa
  6013 | D:5      | Noticed Dowan
  6024 | D:5      | Killed Duvessa
  6045 | D:5      | Killed Dowan
  6045 | D:5      | Reached * piety under Okawaru
  7100 | D:6      | Found an opulent altar of Gozag.
  7405 | D:6      | Reached ** piety under Okawaru
  7406 | D:6      | Reached XP level 9. HP: 31/94 MP: 9/9
  9055 | D:7      | Reached *** piety under Okawaru
  9221 | D:7      | Found a basalt altar of Yredelemnul.
  9256 | D:7      | Noticed Joseph
  9271 | D:7      | Killed Joseph
  9681 | D:7      | Found a shimmering altar of Xom.
  9933 | D:8      | Noticed Prince Ribbit
  9948 | D:8      | Killed Prince Ribbit
 10088 | D:8      | Reached XP level 10. HP: 91/107 MP: 10/10
 10180 | D:8      | Noticed a two-headed ogre
 10233 | D:8      | Killed a two-headed ogre
 10233 | D:8      | Reached **** piety under Okawaru
 10275 | D:8      | Found the +4 robe of Folly {Brilliance Will-∞ Int+8}
 11359 | D:9      | Identified the +11 hunting sling "Qure" {vorpal, rPois rC+
                  | Str-2}
 11506 | D:9      | Reached skill level 10 in Fighting
 11506 | D:9      | Reached skill level 10 in Maces & Flails
 11916 | D:9      | Found an ancient bone altar of Kikubaaqudgha.
 12516 | D:9      | Found a shimmering blue altar of Sif Muna.
 12699 | D:10     | Entered Level 10 of the Dungeon
 12699 | D:10     | Noticed a two-headed ogre
 12704 | D:10     | Killed a two-headed ogre
 12721 | D:10     | Found a staircase to the Orcish Mines.
 12894 | D:10     | Noticed a two-headed ogre
 12900 | D:10     | Killed a two-headed ogre
 12900 | D:10     | Reached ***** piety under Okawaru
 12900 | D:10     | Received a gift from Okawaru
 12915 | D:10     | Reached XP level 11. HP: 87/120 MP: 8/11
 13063 | D:10     | Noticed a green ugly thing
 13063 | D:10     | Noticed a two-headed ogre
 13093 | D:10     | Slain by a two-headed ogre

Illustrated notes

Levels and vault maps discovered:
D:1:      roderic_octagonal_star, layout_loops_corners
D:2:      layout_basic, minmay_misc_feat_alley
D:3:      layout_rooms, lemuel_tele_altar, shapermc_ecumenical_altar_ellora
D:4:      cheibrodos_helix_gallery, layout_basic, ashenzari_altar_1,
          fiery_altar_vehumet, cheibrodos_sewer_entry_bend, kennysheep_potato
D:5:      layout_loops_corners, minmay_temple_entry_oklob, uniq_duvessa
D:6:      layout_loops_ring, nicolae_gozag_cash_rules_everything_around_me,
          serial_park_tiny_2, minmay_joined_circles
D:7:      layout_basic, tgw_xom, mainiacjoe_overflow_small_starburst,
          minivault_24, moated_statue, nicolae_elevator_lobby_asterisk,
          uniq_joseph
D:8:      layout_loops_ring, uniq_prince_ribbit1
D:9:      layout_loops_corners, kennysheep_mini_moat,
          nicolae_sif_muna_little_library, st_stairs_5
D:10:     nzn_winding_woodlands_stair_cross
          [nzn_winding_woodlands_5x15_sidewinder,
          nzn_winding_woodlands_center_triple_pond,
          nzn_winding_woodlands_5x15_sawtooth,
          nzn_winding_woodlands_5x5_checkerboard,
          nzn_winding_woodlands_5x5_open_star,
          nzn_winding_woodlands_5x15_longhouse,
          nzn_winding_woodlands_center_lodge,
          nzn_winding_woodlands_5x15_default], layout_small_grid,
          dpeg_oklobed_lair, minmay_orc_keep
Temple:   eino_narrow_crystal_temple

Skill      XL: |  1  2  3  4  5  6  7  8  9 10 |
---------------+-------------------------------+-----
Fighting       | 3 4 5 6 7 9 11 | 11.1
Maces & Flails | 3 4 5 6 7 9 11 | 11.2
Dodging        | 3 4 5 6 8 |  8.1
Throwing       | |  2.0

Action                   |  1- 3 |  4- 6 |  7- 9 | 10-12 || total
-------------------------+-------+-------+-------+-------++-------
Melee: Flail             |   124 |   138 |   358 |    54 ||   674
       Punch             |     2 |     3 |     4 |     1 ||    10
       Whip              |       |       |     1 |       ||     1
 Fire: Hunting sling     |       |       |       |    93 ||    93
Throw: Throwing net      |       |     1 |       |     2 ||     3
       Dart              |       |       |     1 |    12 ||    13
  Use: Scroll            |       |     7 |    16 |     4 ||    27
       Potion            |       |     1 |     1 |       ||     2
 Stab: Sleeping          |     3 |       |     1 |       ||     4
Armor: Robe              |    72 |    32 |   168 |    41 ||   313
Dodge: Dodged            |   102 |    64 |   160 |    50 ||   376
